Tamiflu vs High Goats

Created - 9 mars 2013 at 19:05

Goals
1 2 3 OT1 T
Tamiflu 1 2 1 0 4
High Goats 2 1 1 1 5
Shots
1 2 3 OT1 T
Tamiflu 16 13 11 0 40
High Goats 12 14 12 1 39

1st period

1. Tamiflu , Mike Brown 20 (Nate Thompson, Jussi Markkanen) at 14:43
2. High Goats , John Erskine 2 (Craig Weller, Anton Stralman) at 17:32 (PP)
3. High Goats , Chris Stewart 27 (Anton Stralman, John Erskine) at 18:03

Penalties :
Alex Picard (Det) for Hooking (Minor) at 16:01

2nd period

4. Tamiflu , Jani Rita 15 (Greg Mauldin, Freddy Meyer) at 8:04
5. High Goats , Jiri Tlusty 6 (Joël Perrault, Chris Stewart) at 15:08
6. Tamiflu , Alex Picard 29 (Mike Brown, Nate Thompson) at 19:28 (PP)

Penalties :
Jan Mursak (Det) for Roughing (Minor) at 1:15, Ivan Vishnevski (Buc) for Tripping (Minor) at 18:53

3rd period

7. Tamiflu , Jani Rita 16 (Greg Mauldin) at 0:39
8. High Goats , Chris Stewart 28 (John Erskine) at 5:10

Penalties :
Frederic St-Denis (Buc) for Hooking (Minor) at 9:45, Mike Brown (Det) for Interference (Minor) at 12:23, John Erskine (Buc) for Hooking (Minor) at 17:58

Overtime #1

9. High Goats , Craig Weller 29 (Anton Stralman, Pavel Brendl) at 0:04

Penalties :
No Penalty

Goalie Stats

Jussi Markkanen (Det), 34 saves from 39 shots - (0,872), OTL, 2-7-4, 60:04 minutes
Al Montoya (Buc), 36 saves from 40 shots - (0,900), W, 4-7-1, 60:04 minutes

Players Stats for Tamiflu

Player Name              G  A  P  +/- PIM S  H  SB GA TA FO     MP     PP MP  PK MP  
------------------------------------------------------------------------------------
Alex Picard              1  0  1  -3  2   4  2  0  0  0  1/3    22:33   2:53   2:08 
Carson Mcmillan          0  0  0   0  0   2  1  0  0  0  0/0    10:53   0:00   1:09 
Colin Greening           0  0  0   0  0   1  0  0  0  0  2/6    10:12   0:00   0:28 
Freddy Meyer             0  1  1   2  0   1  1  3  1  0  0/0    20:27   1:43   3:14 
Greg Mauldin             0  2  2   2  0   0  1  1  0  0  8/14   16:28   1:40   1:09 
Jan Mursak               0  0  0   0  2   2  1  0  0  1  0/0    10:12   0:00   0:00 
Jani Rita                2  0  2   2  0   5  1  0  0  0  1/1    16:57   1:40   1:20 
Jonathan Sigalet         0  0  0  -3  0   3  3  1  0  0  0/0    30:18   2:56   2:24 
Jordan Hendry            0  0  0   0  0   0  0  0  0  0  0/0     0:55   0:00   0:00 
Kyle Lawson              0  0  0   0  0   1  1  0  0  0  0/0    12:45   0:00   0:23 
Mike Brown               1  1  2  -2  2   2  3  0  1  0  0/1    19:51   2:53   0:00 
Nate Thompson            0  2  2  -3  0   2  3  0  0  0  17/38  23:07   2:53   3:11 
Nathan Oystrick          0  0  0   1  0   2  3  0  0  2  0/0    24:33   1:37   2:04 
Nick Spaling             0  0  0   0  0   1  1  1  0  0  1/2     9:18   0:00   0:00 
Pavel Trnka              0  0  0  -2  0   5  2  2  0  2  0/0    30:40   2:50   2:53 
Petr Pohl                0  0  0   2  0   2  0  0  0  0  0/0    15:08   1:40   0:00 
Pierre Dagenais          0  0  0   0  0   4  2  0  0  0  1/1    11:09   0:00   1:33 
Tyler Haskins            0  0  0   0  0   3  2  0  0  0  4/5     9:18   0:00   0:00 

Players Stats for High Goats

Player Name              G  A  P  +/- PIM S  H  SB GA TA FO     MP     PP MP  PK MP  
------------------------------------------------------------------------------------
Anton Stralman           0  3  3   2  0   2  1  1  1  0  0/0    29:38   3:28   3:10 
Brad Larsen              0  0  0  -1  0   5  2  0  0  0  1/2    18:08   2:45   1:18 
Brandon Bollig           0  0  0   0  0   1  1  0  0  0  0/0     7:46   0:00   0:00 
Chris Stewart            2  1  3   3  0   3  1  0  0  0  3/5    18:40   0:00   0:32 
Craig Weller             1  1  2  -1  0   3  0  1  0  0  0/1    15:32   2:44   3:04 
Dana Tyrell              0  0  0   0  0   2  0  0  0  0  3/5     7:46   0:00   0:00 
David Laliberté          0  0  0   0  0   1  0  0  0  0  1/1     8:00   0:00   0:00 
Drayson Bowman           0  0  0  -2  0   0  1  0  0  0  0/0     9:56   0:00   0:04 
Frederic St-Denis        0  0  0  -1  2   1  1  0  0  0  0/0    17:09   0:00   0:35 
Ivan Vishnevski          0  0  0   0  2   1  0  0  0  0  0/0    10:31   0:00   0:00 
Jiri Tlusty              1  0  1   3  0   3  1  0  1  0  0/1    20:59   2:44   0:00 
Joël Perrault            0  1  1   3  0   7  1  0  0  0  15/25  21:16   2:45   0:18 
John Erskine             1  2  3   2  2   5  2  2  0  2  0/0    28:13   3:28   1:46 
Matt Taormina            0  0  0   0  0   0  2  1  0  0  0/0    14:14   2:01   1:41 
Nick Bonino              0  0  0  -1  0   0  2  0  1  0  8/19   16:51   2:44   0:00 
Pavel Brendl             0  1  1   0  0   4  1  0  1  0  4/6    20:02   2:45   3:04 
Petteri Wirtanen         0  0  0  -2  0   0  3  0  0  0  1/6    10:33   0:00   0:46 
Thomas Hickey            0  0  0  -1  0   1  1  0  1  0  0/0    20:26   2:01   1:54 

3 Stars

1 - Chris Stewart (Buc)
2 - Jani Rita (Det)
3 - John Erskine (Buc)

Power Play

Tamiflu - 1 on 3 Attempt(s) - 33,33%
High Goats - 1 on 3 Attempt(s) - 33,33%

Penalty Kill

Tamiflu - 2 on 3 Attempt(s) - 66,67% - Score 0 goal in Penalty Kill
High Goats - 2 on 3 Attempt(s) - 66,67% - Score 0 goal in Penalty Kill

Official

Referees : Devorski Paul and Pochmara Brian
Linesman : Brad Kovachik and Jay Sharrers

Game Notes

Jordan Hendry is injured at 1:46 of 1st period (Bruised Right Foot)

Tamiflu

5 vs 5 Forward 
   Center                   Left Wing                Right Wing               Time % Phy DF OF 
 1 Nate Thompson            Alex Picard              Mike Brown               40     0   1  4  
 2 Greg Mauldin             Jani Rita                Petr Pohl                30     0   1  4  
 3 Tyler Haskins            Nick Spaling             Pierre Dagenais          20     0   2  3  
 4 Colin Greening           Jan Mursak               Carson Mcmillan          10     0   3  2  

5 vs 5 Defense 
   Defense                  Defense                                           Time % Phy DF OF 
 1 Jonathan Sigalet         Pavel Trnka                                       40     0   2  3  
 2 Freddy Meyer             Jordan Hendry                                     30     0   2  3  
 3 Nathan Oystrick          Kyle Lawson                                       20     0   3  2  
 4 Jonathan Sigalet         Pavel Trnka                                       10     0   2  3  

PowerPlay Forward 
   Center                   Left Wing                Right Wing               Time % Phy DF OF 
 1 Nate Thompson            Alex Picard              Mike Brown               60     0   1  4  
 2 Greg Mauldin             Jani Rita                Petr Pohl                40     0   1  4  

PowerPlay Defense
   Defense                  Defense                                           Time % Phy DF OF 
 1 Jonathan Sigalet         Pavel Trnka                                       60     0   2  3  
 2 Freddy Meyer             Jordan Hendry                                     40     0   2  3  

Penalty Kill 4 Players Forward 
   Center                   Wing                     Time % Phy DF OF 
 1 Nate Thompson            Alex Picard              60     0   4  1  
 2 Greg Mauldin             Carson Mcmillan          40     0   4  1  

Penalty Kill 4 Players Defense
   Defense                  Defense                  Time % Phy DF OF 
 1 Freddy Meyer             Pavel Trnka              60     0   4  1  
 2 Jonathan Sigalet         Jordan Hendry            40     0   4  1  

Penalty Kill - 3 Players Forward 
   Forward                                           Time % Phy DF OF 
 1 Nate Thompson                                     60     0   4  1  
 2 Greg Mauldin                                      40     0   4  1  

Penalty Kill - 3 Players Defense
   Defense                  Defense                  Time % Phy DF OF 
 1 Freddy Meyer             Pavel Trnka              60     0   4  1  
 2 Jonathan Sigalet         Jordan Hendry            40     0   4  1  

4 vs 4 Forward 
   Center                   Wing                     Time % Phy DF OF 
 1 Nate Thompson            Alex Picard              60     0   2  3  
 2 Greg Mauldin             Petr Pohl                40     0   2  3  

4 vs 4 Defense
   Defense                  Defense                  Time % Phy DF OF 
 1 Jonathan Sigalet         Pavel Trnka              60     0   2  3  
 2 Freddy Meyer             Jordan Hendry            40     0   2  3  

Last Minutes Offensive
   Center                   Left Wing                Right Wing               Defense                  Defense                  
   Nate Thompson            Alex Picard              Mike Brown               Jonathan Sigalet         Pavel Trnka              

Last Minutes Defensive
   Center                   Left Wing                Right Wing               Defense                  Defense                  
   Nate Thompson            Alex Picard              Carson Mcmillan          Freddy Meyer             Pavel Trnka              

Goaltenders
Starting : Jussi Markkanen          
Backup : Corey Crawford           

Extra Forwards
Normal : Greg Mauldin, Tyler Haskins, Pierre Dagenais - PP : Pierre Dagenais, Greg Mauldin - PK : Pierre Dagenais
Extra Defensemen
Normal : Jordan Hendry, Nathan Oystrick, Pavel Trnka - PP : Nathan Oystrick - PK : Nathan Oystrick, Jordan Hendry
Penalty Shots
Nate Thompson, Pierre Dagenais, Alex Picard, Jani Rita, Greg Mauldin

High Goats

5 vs 5 Forward 
   Center                   Left Wing                Right Wing               Time % Phy DF OF 
 1 Joël Perrault            Jiri Tlusty              Chris Stewart            40     1   2  2  
 2 Nick Bonino              Brad Larsen              Pavel Brendl             30     1   2  2  
 3 Petteri Wirtanen         Drayson Bowman           Craig Weller             20     1   2  2  
 4 Dana Tyrell              Brandon Bollig           David Laliberté          10     1   2  2  

5 vs 5 Defense 
   Defense                  Defense                                           Time % Phy DF OF 
 1 Anton Stralman           John Erskine                                      40     1   2  2  
 2 Thomas Hickey            Frederic St-Denis                                 30     1   2  2  
 3 Ivan Vishnevski          Matt Taormina                                     20     1   2  2  
 4 Anton Stralman           John Erskine                                      10     1   2  2  

PowerPlay Forward 
   Center                   Left Wing                Right Wing               Time % Phy DF OF 
 1 Joël Perrault            Brad Larsen              Pavel Brendl             60     1   2  2  
 2 Nick Bonino              Jiri Tlusty              Craig Weller             40     1   2  2  

PowerPlay Defense
   Defense                  Defense                                           Time % Phy DF OF 
 1 Anton Stralman           John Erskine                                      60     1   2  2  
 2 Matt Taormina            Thomas Hickey                                     40     1   2  2  

Penalty Kill 4 Players Forward 
   Center                   Wing                     Time % Phy DF OF 
 1 Pavel Brendl             Craig Weller             60     1   2  2  
 2 Brad Larsen              Chris Stewart            40     1   2  2  

Penalty Kill 4 Players Defense
   Defense                  Defense                  Time % Phy DF OF 
 1 Anton Stralman           John Erskine             60     1   2  2  
 2 Matt Taormina            Frederic St-Denis        40     1   2  2  

Penalty Kill - 3 Players Forward 
   Forward                                           Time % Phy DF OF 
 1 Pavel Brendl                                      60     1   2  2  
 2 Craig Weller                                      40     1   2  2  

Penalty Kill - 3 Players Defense
   Defense                  Defense                  Time % Phy DF OF 
 1 Anton Stralman           John Erskine             60     1   2  2  
 2 Matt Taormina            Frederic St-Denis        40     1   2  2  

4 vs 4 Forward 
   Center                   Wing                     Time % Phy DF OF 
 1 Pavel Brendl             Craig Weller             60     1   2  2  
 2 Brad Larsen              Chris Stewart            40     1   2  2  

4 vs 4 Defense
   Defense                  Defense                  Time % Phy DF OF 
 1 Anton Stralman           John Erskine             60     1   2  2  
 2 Thomas Hickey            Frederic St-Denis        40     1   2  2  

Last Minutes Offensive
   Center                   Left Wing                Right Wing               Defense                  Defense                  
   Joël Perrault            Brad Larsen              Chris Stewart            Anton Stralman           John Erskine             

Last Minutes Defensive
   Center                   Left Wing                Right Wing               Defense                  Defense                  
   Joël Perrault            Brad Larsen              Chris Stewart            Anton Stralman           John Erskine             

Goaltenders
Starting : Al Montoya               
Backup : Jean-Sébastien Aubin     

Extra Forwards
Normal : David Laliberté, Brandon Bollig, Petteri Wirtanen - PP : David Laliberté, Brandon Bollig - PK : Petteri Wirtanen
Extra Defensemen
Normal : Ivan Vishnevski, Thomas Hickey, Matt Taormina - PP : Ivan Vishnevski - PK : Thomas Hickey, Matt Taormina
Penalty Shots
Pavel Brendl, Craig Weller, Brad Larsen, Chris Stewart, Joël Perrault

% Time on Ice - Tamiflu

Lines # - Real PCT - Wanted PCT - Time Play
Normal Forward
1 - 35% - 40% - 17:28
2 - 27% - 30% - 13:28
3 - 19% - 20% - 9:18
4 - 19% - 10% - 9:44
Normal Defense
1 - 39% - 40% - 19:16
2 - 32% - 30% - 16:14
3 - 23% - 20% - 11:29
4 - 6% - 10% - 2:59
PP Forward
1 - 63% - 60% - 2:53
2 - 37% - 40% - 1:40
PP Defense
1 - 62% - 60% - 2:50
2 - 38% - 40% - 1:43
PK Forward
1 - 79% - 60% - 4:20
2 - 21% - 40% - 1:09
PK Defense
1 - 53% - 60% - 2:53
2 - 47% - 40% - 2:36
PK3 Forward
1 - 0% - 60%
2 - 0% - 40%
PK3 Defense
1 - 0% - 60%
2 - 0% - 40%
44 Forward
1 - 100% - 60% - 0:04
2 - 0% - 40% - 0:00
44 Defense
1 - 100% - 60% - 0:04
2 - 0% - 40% - 0:00
Last Minute Offensive  - 0:00
Last Minute Defensive  - 0:00
Total
Forward - 60:04
Defense - 60:04

% Time on Ice - High Goats

Lines # - Real PCT - Wanted PCT - Time Play
Normal Forward
1 - 37% - 40% - 18:18
2 - 28% - 30% - 14:07
3 - 20% - 20% - 9:47
4 - 16% - 10% - 7:46
Normal Defense
1 - 39% - 40% - 19:15
2 - 33% - 30% - 16:30
3 - 21% - 20% - 10:32
4 - 7% - 10% - 3:41
PP Forward
1 - 50% - 60% - 2:45
2 - 50% - 40% - 2:44
PP Defense
1 - 63% - 60% - 3:28
2 - 37% - 40% - 2:01
PK Forward
1 - 88% - 60% - 4:01
2 - 12% - 40% - 0:32
PK Defense
1 - 70% - 60% - 3:10
2 - 30% - 40% - 1:23
PK3 Forward
1 - 0% - 60%
2 - 0% - 40%
PK3 Defense
1 - 0% - 60%
2 - 0% - 40%
44 Forward
1 - 100% - 60% - 0:04
2 - 0% - 40% - 0:00
44 Defense
1 - 100% - 60% - 0:04
2 - 0% - 40% - 0:00
Last Minute Offensive  - 0:00
Last Minute Defensive  - 0:00
Total
Forward - 60:04
Defense - 60:04

Play by Play

1st period


0:01 of 1st period - Chris Stewart wins face-off versus Nate Thompson in neutral zone.
0:04 of 1st period - Jonathan Sigalet is hit by John Erskine and loses puck.
1:45 of 1st period - Jordan Hendry is hit by Chris Stewart and loses puck.
1:46 of 1st period - Jordan Hendry from Tamiflu is injured at 1:46 of 1st period (Bruised Right Foot).
1:47 of 1st period - Greg Mauldin wins face-off versus Nick Bonino in Tamiflu zone.
1:56 of 1st period - Snap shot by Jani Rita.
1:56 of 1st period - Shot Misses the Net.
2:23 of 1st period - Wrist shot by Mike Brown.
2:23 of 1st period - Stopped by Al Montoya without a rebound.
2:24 of 1st period - Tyler Haskins wins face-off versus Nick Bonino in High Goats zone.
2:27 of 1st period - Wrist shot by Tyler Haskins.
2:27 of 1st period - Stopped by Al Montoya without a rebound.
2:28 of 1st period - Nick Bonino wins face-off versus Tyler Haskins in High Goats zone.
3:16 of 1st period - Slapshot by Anton Stralman.
3:16 of 1st period - Stopped by Jussi Markkanen with a rebound.
3:18 of 1st period - Wrist shot by Brandon Bollig.
3:18 of 1st period - Shot Blocked by Pavel Trnka.
3:40 of 1st period - Slapshot by Jonathan Sigalet.
3:40 of 1st period - Stopped by Al Montoya without a rebound.
3:41 of 1st period - Joël Perrault wins face-off versus Colin Greening in High Goats zone.
3:48 of 1st period - Snap shot by Joël Perrault.
3:48 of 1st period - Stopped by Jussi Markkanen with a rebound.
4:00 of 1st period - Snap shot by Nathan Oystrick.
4:00 of 1st period - Shot Misses the Net.
4:02 of 1st period - Snap shot by Carson Mcmillan.
4:02 of 1st period - Stopped by Al Montoya with a rebound.
4:04 of 1st period - Slapshot by Nathan Oystrick.
4:04 of 1st period - Shot Hit the Post.
4:38 of 1st period - Snap shot by Freddy Meyer.
4:38 of 1st period - Deflect By Carson Mcmillan.
4:38 of 1st period - Stopped by Al Montoya without a rebound.
4:39 of 1st period - Nick Bonino wins face-off versus Nate Thompson in High Goats zone.
4:39 of 1st period - Nick Bonino is hit by Nathan Oystrick.
5:14 of 1st period - Wrist shot by Jani Rita.
5:14 of 1st period - Stopped by Al Montoya with a rebound.
5:28 of 1st period - Ivan Vishnevski is hit by Pierre Dagenais and loses puck.
5:51 of 1st period - Slapshot by Nate Thompson.
5:51 of 1st period - Shot Blocked by Matt Taormina.
5:53 of 1st period - Snap shot by Alex Picard.
5:53 of 1st period - Shot Hit the Post.
6:05 of 1st period - Wrist shot by Pavel Brendl.
6:05 of 1st period - Shot Misses the Net.
6:07 of 1st period - Snap shot by Pavel Brendl.
6:07 of 1st period - Deflect By Nick Bonino.
6:07 of 1st period - Shot Misses the Net.
6:07 of 1st period - Puck is out of play.
6:08 of 1st period - Nick Bonino wins face-off versus Nick Spaling in Tamiflu zone.
6:35 of 1st period - Jonathan Sigalet is hit by Pavel Brendl and loses puck.
6:59 of 1st period - Snap shot by Jonathan Sigalet.
6:59 of 1st period - Stopped by Al Montoya without a rebound.
7:00 of 1st period - Joël Perrault wins face-off versus Alex Picard in High Goats zone.
7:00 of 1st period - Joël Perrault is hit by Mike Brown.
7:08 of 1st period - Wrist shot by Nate Thompson.
7:08 of 1st period - Shot Misses the Net.
7:10 of 1st period - Slapshot by Kyle Lawson.
7:10 of 1st period - Stopped by Al Montoya without a rebound.
7:11 of 1st period - Nate Thompson wins face-off versus Joël Perrault in High Goats zone.
7:26 of 1st period - Snap shot by Joël Perrault.
7:26 of 1st period - Stopped by Jussi Markkanen with a rebound.
9:17 of 1st period - Icing by Frederic St-Denis.
9:18 of 1st period - Dana Tyrell wins face-off versus Colin Greening in High Goats zone.
9:23 of 1st period - Matt Taormina is hit by Nathan Oystrick and loses puck.
9:28 of 1st period - Wrist shot by Freddy Meyer.
9:28 of 1st period - Shot Misses the Net.
9:30 of 1st period - Slapshot by Freddy Meyer.
9:30 of 1st period - Stopped by Al Montoya with a rebound.
9:45 of 1st period - Kyle Lawson is hit by Petteri Wirtanen and loses puck.
9:54 of 1st period - Snap shot by Craig Weller.
9:54 of 1st period - Stopped by Jussi Markkanen without a rebound.
9:55 of 1st period - Nick Bonino wins face-off versus Nate Thompson in Tamiflu zone.
10:00 of 1st period - Wrist shot by Pavel Brendl.
10:00 of 1st period - Shot Misses the Net.
10:02 of 1st period - Snap shot by Brad Larsen.
10:02 of 1st period - Stopped by Jussi Markkanen with a rebound.
10:04 of 1st period - Snap shot by Brad Larsen.
10:04 of 1st period - Shot Misses the Net.
10:27 of 1st period - Snap shot by Joël Perrault.
10:27 of 1st period - Shot Misses the Net.
11:10 of 1st period - Freddy Meyer is hit by Brandon Bollig and loses puck.
11:56 of 1st period - Snap shot by Craig Weller.
11:56 of 1st period - Shot Misses the Net.
11:58 of 1st period - Snap shot by Anton Stralman.
11:58 of 1st period - Stopped by Jussi Markkanen with a rebound.
12:09 of 1st period - Off-side.
12:10 of 1st period - Joël Perrault wins face-off versus Nate Thompson in neutral zone.
12:17 of 1st period - Wrist shot by Joël Perrault.
12:17 of 1st period - Stopped by Jussi Markkanen with a rebound.
12:42 of 1st period - Snap shot by Carson Mcmillan.
12:42 of 1st period - Deflect By Jan Mursak.
12:42 of 1st period - Stopped by Al Montoya with a rebound.
12:44 of 1st period - Snap shot by Jan Mursak.
12:44 of 1st period - Stopped by Al Montoya without a rebound.
12:45 of 1st period - Nate Thompson wins face-off versus Nick Bonino in High Goats zone.
12:46 of 1st period - Slapshot by Alex Picard.
12:46 of 1st period - Stopped by Al Montoya with a rebound.
12:52 of 1st period - Snap shot by Brad Larsen.
12:52 of 1st period - Stopped by Jussi Markkanen with a rebound.
13:02 of 1st period - Nathan Oystrick is hit by Brad Larsen and loses puck.
13:15 of 1st period - Slapshot by Petr Pohl.
13:15 of 1st period - Shot Misses the Net.
13:54 of 1st period - Wrist shot by Pierre Dagenais.
13:54 of 1st period - Shot Misses the Net.
13:56 of 1st period - Snap shot by Nathan Oystrick.
13:56 of 1st period - Stopped by Al Montoya without a rebound.
13:57 of 1st period - Joël Perrault wins face-off versus Colin Greening in High Goats zone.
14:22 of 1st period - Alex Picard is hit by Brad Larsen and loses puck.
14:43 of 1st period - Snap shot by Mike Brown.
14:43 of 1st period - Goal by Mike Brown - Tamiflu : 1 - High Goats : 0.
14:44 of 1st period - Nate Thompson wins face-off versus Chris Stewart in neutral zone.
15:15 of 1st period - Off-side.
15:16 of 1st period - Brad Larsen wins face-off versus Greg Mauldin in neutral zone.
15:47 of 1st period - Snap shot by Jani Rita.
15:47 of 1st period - Stopped by Al Montoya with a rebound.
15:49 of 1st period - Slapshot by Nathan Oystrick.
15:49 of 1st period - Shot Misses the Net.
15:51 of 1st period - Slapshot by Nathan Oystrick.
15:51 of 1st period - Shot Misses the Net.
15:53 of 1st period - Slapshot by Nathan Oystrick.
15:53 of 1st period - Deflect By Joël Perrault.
15:53 of 1st period - Stopped by Al Montoya without a rebound.
15:54 of 1st period - Nick Bonino wins face-off versus Nate Thompson in High Goats zone.
15:54 of 1st period - Nick Bonino is hit by Mike Brown.
16:01 of 1st period - Minor Penalty to Alex Picard for Hooking.
16:02 of 1st period - Joël Perrault wins face-off versus Nate Thompson in Tamiflu zone.
16:07 of 1st period - Snap shot by Brad Larsen.
16:07 of 1st period - Shot Misses the Net.
16:11 of 1st period - Snap shot by Joël Perrault.
16:11 of 1st period - Stopped by Jussi Markkanen without a rebound.
16:12 of 1st period - Nate Thompson wins face-off versus Joël Perrault in Tamiflu zone.
16:23 of 1st period - Snap shot by Pavel Brendl.
16:23 of 1st period - Shot Blocked by Pavel Trnka.
16:25 of 1st period - Slapshot by Anton Stralman.
16:25 of 1st period - Shot Blocked by Freddy Meyer.
16:39 of 1st period - Snap shot by Joël Perrault.
16:39 of 1st period - Shot Misses the Net.
16:43 of 1st period - Wrist shot by Brad Larsen.
16:43 of 1st period - Shot Misses the Net.
16:45 of 1st period - Snap shot by John Erskine.
16:45 of 1st period - Deflect By Brad Larsen.
16:45 of 1st period - Stopped by Jussi Markkanen without a rebound.
16:46 of 1st period - Jani Rita wins face-off versus Nick Bonino in Tamiflu zone.
17:25 of 1st period - Pavel Trnka is hit by Nick Bonino and loses puck.
17:30 of 1st period - Wrist shot by Craig Weller.
17:30 of 1st period - Shot Misses the Net.
17:32 of 1st period - Slapshot by John Erskine.
17:32 of 1st period - Deflect By Pavel Trnka.
17:32 of 1st period - Goal by John Erskine - Tamiflu : 1 - High Goats : 1.
17:33 of 1st period - Dana Tyrell wins face-off versus Nate Thompson in neutral zone.
17:35 of 1st period - John Erskine is hit by Pavel Trnka and loses puck.
17:42 of 1st period - John Erskine is hit by Jonathan Sigalet and loses puck.
18:03 of 1st period - Wrist shot by Chris Stewart.
18:03 of 1st period - Goal by Chris Stewart - Tamiflu : 1 - High Goats : 2.
18:04 of 1st period - Nate Thompson wins face-off versus Jiri Tlusty in neutral zone.
18:50 of 1st period - Nathan Oystrick is hit by Petteri Wirtanen and loses puck.

2nd period


0:01 of 2nd period - Nate Thompson wins face-off versus Chris Stewart in neutral zone.
0:29 of 2nd period - Slapshot by Pavel Trnka.
0:29 of 2nd period - Stopped by Al Montoya with a rebound.
1:15 of 2nd period - Minor Penalty to Jan Mursak for Roughing.
1:16 of 2nd period - Nate Thompson wins face-off versus Joël Perrault in Tamiflu zone.
1:31 of 2nd period - Wrist shot by Joël Perrault.
1:31 of 2nd period - Shot Misses the Net.
1:45 of 2nd period - Freddy Meyer is hit by Anton Stralman.
1:49 of 2nd period - Anton Stralman is hit by Carson Mcmillan.
1:55 of 2nd period - Carson Mcmillan is hit by Nick Bonino and loses puck.
3:13 of 2nd period - Nick Bonino is hit by Pierre Dagenais and loses puck.
3:15 of 2nd period - Penalty to Jan Mursak is over, Jan Mursak is back on ice.
3:28 of 2nd period - Jonathan Sigalet is hit by Thomas Hickey and loses puck.
3:35 of 2nd period - Slapshot by Ivan Vishnevski.
3:35 of 2nd period - Shot Blocked by Jonathan Sigalet.
3:37 of 2nd period - Snap shot by Ivan Vishnevski.
3:37 of 2nd period - Stopped by Jussi Markkanen with a rebound.
3:54 of 2nd period - Snap shot by Greg Mauldin.
3:54 of 2nd period - Deflect By Tyler Haskins.
3:54 of 2nd period - Shot Misses the Net.
3:54 of 2nd period - Puck is out of play.
3:55 of 2nd period - Nate Thompson wins face-off versus Petteri Wirtanen in High Goats zone.
4:02 of 2nd period - Slapshot by Alex Picard.
4:02 of 2nd period - Shot Misses the Net.
4:36 of 2nd period - Nick Bonino is hit by Nathan Oystrick and loses puck.
4:53 of 2nd period - Wrist shot by Pavel Brendl.
4:53 of 2nd period - Deflect By Pavel Trnka.
4:53 of 2nd period - Stopped by Jussi Markkanen without a rebound.
4:54 of 2nd period - Tyler Haskins wins face-off versus Dana Tyrell in Tamiflu zone.
4:59 of 2nd period - Dana Tyrell is hit by Nick Spaling and loses puck.
5:20 of 2nd period - Petteri Wirtanen is hit by Nate Thompson and loses puck.
5:47 of 2nd period - Nick Bonino is hit by Jani Rita and loses puck.
6:02 of 2nd period - Jan Mursak is hit by Frederic St-Denis and loses puck.
6:07 of 2nd period - Snap shot by Chris Stewart.
6:07 of 2nd period - Deflect By Joël Perrault.
6:07 of 2nd period - Shot Misses the Net.
6:07 of 2nd period - Puck is out of play.
6:08 of 2nd period - Nate Thompson wins face-off versus Joël Perrault in Tamiflu zone.
6:35 of 2nd period - John Erskine is hit by Tyler Haskins and loses puck.
7:03 of 2nd period - Slapshot by Pavel Brendl.
7:03 of 2nd period - Stopped by Jussi Markkanen with a rebound.
7:05 of 2nd period - Slapshot by John Erskine.
7:05 of 2nd period - Stopped by Jussi Markkanen with a rebound.
7:27 of 2nd period - Wrist shot by Colin Greening.
7:27 of 2nd period - Stopped by Al Montoya without a rebound.
7:28 of 2nd period - Alex Picard wins face-off versus Nick Bonino in High Goats zone.
8:04 of 2nd period - Snap shot by Jani Rita.
8:04 of 2nd period - Goal by Jani Rita - Tamiflu : 2 - High Goats : 2.
8:05 of 2nd period - Nate Thompson wins face-off versus Joël Perrault in neutral zone.
8:14 of 2nd period - Snap shot by Nate Thompson.
8:14 of 2nd period - Stopped by Al Montoya without a rebound.
8:15 of 2nd period - Joël Perrault wins face-off versus Nate Thompson in High Goats zone.
8:51 of 2nd period - Snap shot by Alex Picard.
8:51 of 2nd period - Stopped by Al Montoya without a rebound.
8:52 of 2nd period - Greg Mauldin wins face-off versus Brad Larsen in High Goats zone.
9:05 of 2nd period - Slapshot by Jani Rita.
9:05 of 2nd period - Stopped by Al Montoya without a rebound.
9:06 of 2nd period - Pierre Dagenais wins face-off versus Petteri Wirtanen in High Goats zone.
10:22 of 2nd period - Snap shot by David Laliberté.
10:22 of 2nd period - Stopped by Jussi Markkanen with a rebound.
10:38 of 2nd period - Snap shot by Pierre Dagenais.
10:38 of 2nd period - Stopped by Al Montoya with a rebound.
10:40 of 2nd period - Backhand shot by Pierre Dagenais.
10:40 of 2nd period - Shot Blocked by Craig Weller.
11:09 of 2nd period - Icing by Thomas Hickey.
11:10 of 2nd period - Colin Greening wins face-off versus Nick Bonino in High Goats zone.
11:52 of 2nd period - Icing by Pavel Trnka.
11:53 of 2nd period - Petteri Wirtanen wins face-off versus Greg Mauldin in Tamiflu zone.
12:04 of 2nd period - Petteri Wirtanen is hit by Greg Mauldin.
13:09 of 2nd period - Nathan Oystrick is hit by Drayson Bowman.
13:17 of 2nd period - Snap shot by Petteri Wirtanen.
13:17 of 2nd period - Shot Hit the Post.
13:56 of 2nd period - Snap shot by Carson Mcmillan.
13:56 of 2nd period - Deflect By Colin Greening.
13:56 of 2nd period - Shot Blocked by John Erskine.
13:56 of 2nd period - Puck is out of play.
13:57 of 2nd period - Colin Greening wins face-off versus Joël Perrault in High Goats zone.
14:28 of 2nd period - Petteri Wirtanen is hit by Jan Mursak and loses puck.
14:51 of 2nd period - Slapshot by Thomas Hickey.
14:51 of 2nd period - Stopped by Jussi Markkanen without a rebound.
14:52 of 2nd period - David Laliberté wins face-off versus Mike Brown in Tamiflu zone.
14:52 of 2nd period - Thomas Hickey is hit by Alex Picard.
14:54 of 2nd period - Snap shot by David Laliberté.
14:54 of 2nd period - Deflect By Dana Tyrell.
14:54 of 2nd period - Shot Misses the Net.
14:54 of 2nd period - Puck is out of play.
14:55 of 2nd period - Chris Stewart wins face-off versus Nate Thompson in Tamiflu zone.
15:02 of 2nd period - Snap shot by Chris Stewart.
15:02 of 2nd period - Shot Misses the Net.
15:04 of 2nd period - Wrist shot by Joël Perrault.
15:04 of 2nd period - Stopped by Jussi Markkanen with a rebound.
15:06 of 2nd period - Snap shot by Jiri Tlusty.
15:06 of 2nd period - Deflect By Pavel Trnka.
15:06 of 2nd period - Stopped by Jussi Markkanen with a rebound.
15:08 of 2nd period - Snap shot by Jiri Tlusty.
15:08 of 2nd period - Goal by Jiri Tlusty - Tamiflu : 2 - High Goats : 3.
15:09 of 2nd period - Joël Perrault wins face-off versus Nate Thompson in neutral zone.
15:22 of 2nd period - Snap shot by Mike Brown.
15:22 of 2nd period - Shot Misses the Net.
15:24 of 2nd period - Snap shot by Alex Picard.
15:24 of 2nd period - Stopped by Al Montoya without a rebound.
15:25 of 2nd period - Nick Bonino wins face-off versus Greg Mauldin in High Goats zone.
15:32 of 2nd period - John Erskine is hit by Jonathan Sigalet and loses puck.
15:53 of 2nd period - Slapshot by Pavel Trnka.
15:53 of 2nd period - Stopped by Al Montoya with a rebound.
15:55 of 2nd period - Slapshot by Pavel Trnka.
15:55 of 2nd period - Deflect By Anton Stralman.
15:55 of 2nd period - Stopped by Al Montoya without a rebound.
15:56 of 2nd period - Joël Perrault wins face-off versus Nate Thompson in High Goats zone.
15:56 of 2nd period - Joël Perrault is hit by Mike Brown.
16:02 of 2nd period - Snap shot by Jiri Tlusty.
16:02 of 2nd period - Stopped by Jussi Markkanen with a rebound.
16:04 of 2nd period - Snap shot by Chris Stewart.
16:04 of 2nd period - Shot Misses the Net.
16:06 of 2nd period - Wrist shot by Joël Perrault.
16:06 of 2nd period - Shot Misses the Net.
16:08 of 2nd period - Slapshot by Joël Perrault.
16:08 of 2nd period - Shot Blocked by Freddy Meyer.
16:32 of 2nd period - Wrist shot by Chris Stewart.
16:32 of 2nd period - Stopped by Jussi Markkanen without a rebound.
16:33 of 2nd period - Nick Bonino wins face-off versus Greg Mauldin in Tamiflu zone.
16:44 of 2nd period - Slapshot by Pavel Brendl.
16:44 of 2nd period - Shot Blocked by Greg Mauldin.
16:46 of 2nd period - Snap shot by John Erskine.
16:46 of 2nd period - Stopped by Jussi Markkanen with a rebound.
16:48 of 2nd period - Slapshot by John Erskine.
16:48 of 2nd period - Stopped by Jussi Markkanen with a rebound.
17:00 of 2nd period - Anton Stralman is hit by Tyler Haskins and loses puck.
17:05 of 2nd period - Snap shot by Pierre Dagenais.
17:05 of 2nd period - Shot Misses the Net.
17:07 of 2nd period - Snap shot by Pierre Dagenais.
17:07 of 2nd period - Deflect By Tyler Haskins.
17:07 of 2nd period - Stopped by Al Montoya without a rebound.
17:08 of 2nd period - Joël Perrault wins face-off versus Nate Thompson in High Goats zone.
17:21 of 2nd period - Wrist shot by Joël Perrault.
17:21 of 2nd period - Stopped by Jussi Markkanen with a rebound.
18:03 of 2nd period - Wrist shot by Pierre Dagenais.
18:03 of 2nd period - Stopped by Al Montoya without a rebound.
18:04 of 2nd period - Joël Perrault wins face-off versus Nate Thompson in High Goats zone.
18:04 of 2nd period - Joël Perrault is hit by Jonathan Sigalet.
18:52 of 2nd period - Kyle Lawson is hit by Petteri Wirtanen.
18:53 of 2nd period - Minor Penalty to Ivan Vishnevski for Tripping.
18:54 of 2nd period - Nate Thompson wins face-off versus Craig Weller in High Goats zone.
18:57 of 2nd period - Wrist shot by Alex Picard.
18:57 of 2nd period - Shot Blocked by John Erskine.
18:59 of 2nd period - Snap shot by Jonathan Sigalet.
18:59 of 2nd period - Shot Misses the Net.
19:21 of 2nd period - Craig Weller is hit by Nate Thompson and loses puck.
19:26 of 2nd period - Snap shot by Mike Brown.
19:26 of 2nd period - Shot Misses the Net.
19:28 of 2nd period - Snap shot by Alex Picard.
19:28 of 2nd period - Goal by Alex Picard - Tamiflu : 3 - High Goats : 3.
19:29 of 2nd period - Joël Perrault wins face-off versus Greg Mauldin in neutral zone.

3rd period


0:01 of 3rd period - Chris Stewart wins face-off versus Nate Thompson in neutral zone.
0:03 of 3rd period - Off-side.
0:04 of 3rd period - Joël Perrault wins face-off versus Alex Picard in neutral zone.
0:35 of 3rd period - Slapshot by Petr Pohl.
0:35 of 3rd period - Stopped by Al Montoya without a rebound.
0:36 of 3rd period - Greg Mauldin wins face-off versus Nick Bonino in High Goats zone.
0:39 of 3rd period - Wrist shot by Jani Rita.
0:39 of 3rd period - Goal by Jani Rita - Tamiflu : 4 - High Goats : 3.
0:40 of 3rd period - Nate Thompson wins face-off versus Joël Perrault in neutral zone.
0:53 of 3rd period - Alex Picard is hit by John Erskine.
1:30 of 3rd period - Wrist shot by Pierre Dagenais.
1:30 of 3rd period - Deflect By Nick Spaling.
1:30 of 3rd period - Deflect By Dana Tyrell.
1:30 of 3rd period - Shot Misses the Net.
1:30 of 3rd period - Puck is out of play.
1:31 of 3rd period - Dana Tyrell wins face-off versus Nate Thompson in High Goats zone.
1:56 of 3rd period - Jani Rita is hit by Jiri Tlusty and loses puck.
2:45 of 3rd period - Frederic St-Denis is hit by Pavel Trnka and loses puck.
2:50 of 3rd period - Slapshot by Jonathan Sigalet.
2:50 of 3rd period - Deflect By Carson Mcmillan.
2:50 of 3rd period - Shot Misses the Net.
2:50 of 3rd period - Puck is out of play.
2:51 of 3rd period - Nate Thompson wins face-off versus Nick Bonino in High Goats zone.
2:58 of 3rd period - Slapshot by Brad Larsen.
2:58 of 3rd period - Stopped by Jussi Markkanen with a rebound.
3:16 of 3rd period - Anton Stralman is hit by Freddy Meyer and loses puck.
3:25 of 3rd period - Wrist shot by Craig Weller.
3:25 of 3rd period - Stopped by Jussi Markkanen without a rebound.
3:26 of 3rd period - Greg Mauldin wins face-off versus Nick Bonino in Tamiflu zone.
3:41 of 3rd period - Wrist shot by Pavel Brendl.
3:41 of 3rd period - Stopped by Jussi Markkanen without a rebound.
3:42 of 3rd period - Nate Thompson wins face-off versus Joël Perrault in Tamiflu zone.
5:10 of 3rd period - Wrist shot by Chris Stewart.
5:10 of 3rd period - Goal by Chris Stewart - Tamiflu : 4 - High Goats : 4.
5:11 of 3rd period - Greg Mauldin wins face-off versus Nick Bonino in neutral zone.
5:40 of 3rd period - Icing by Brad Larsen.
5:41 of 3rd period - Nick Bonino wins face-off versus Colin Greening in High Goats zone.
5:50 of 3rd period - Snap shot by Colin Greening.
5:50 of 3rd period - Shot Misses the Net.
6:38 of 3rd period - Snap shot by Brad Larsen.
6:38 of 3rd period - Stopped by Jussi Markkanen with a rebound.
6:40 of 3rd period - Slapshot by Brad Larsen.
6:40 of 3rd period - Shot Misses the Net.
6:42 of 3rd period - Slapshot by Frederic St-Denis.
6:42 of 3rd period - Shot Misses the Net.
6:46 of 3rd period - Snap shot by Pavel Brendl.
6:46 of 3rd period - Shot Misses the Net.
6:48 of 3rd period - Backhand shot by Frederic St-Denis.
6:48 of 3rd period - Stopped by Jussi Markkanen with a rebound.
6:50 of 3rd period - Slapshot by Thomas Hickey.
6:50 of 3rd period - Deflect By Brad Larsen.
6:50 of 3rd period - Shot Misses the Net.
6:50 of 3rd period - Puck is out of play.
6:51 of 3rd period - Joël Perrault wins face-off versus Nate Thompson in Tamiflu zone.
7:34 of 3rd period - David Laliberté is hit by Nate Thompson and loses puck.
7:45 of 3rd period - Wrist shot by Brandon Bollig.
7:45 of 3rd period - Shot Misses the Net.
7:47 of 3rd period - Snap shot by Dana Tyrell.
7:47 of 3rd period - Stopped by Jussi Markkanen with a rebound.
7:49 of 3rd period - Snap shot by Dana Tyrell.
7:49 of 3rd period - Shot Misses the Net.
7:51 of 3rd period - Slapshot by Matt Taormina.
7:51 of 3rd period - Shot Hit the Post.
7:53 of 3rd period - Snap shot by Brandon Bollig.
7:53 of 3rd period - Stopped by Jussi Markkanen with a rebound.
7:55 of 3rd period - Snap shot by Dana Tyrell.
7:55 of 3rd period - Stopped by Jussi Markkanen without a rebound.
7:56 of 3rd period - Greg Mauldin wins face-off versus Joël Perrault in Tamiflu zone.
8:33 of 3rd period - Slapshot by Nick Spaling.
8:33 of 3rd period - Stopped by Al Montoya with a rebound.
9:22 of 3rd period - Slapshot by Pavel Trnka.
9:22 of 3rd period - Stopped by Al Montoya without a rebound.
9:23 of 3rd period - Greg Mauldin wins face-off versus Petteri Wirtanen in High Goats zone.
9:45 of 3rd period - Minor Penalty to Frederic St-Denis for Hooking.
9:46 of 3rd period - Nate Thompson wins face-off versus Pavel Brendl in High Goats zone.
10:14 of 3rd period - Snap shot by Petr Pohl.
10:14 of 3rd period - Stopped by Al Montoya with a rebound.
10:16 of 3rd period - Slapshot by Pavel Trnka.
10:16 of 3rd period - Deflect By John Erskine.
10:16 of 3rd period - Stopped by Al Montoya without a rebound.
10:17 of 3rd period - Greg Mauldin wins face-off versus Pavel Brendl in High Goats zone.
11:45 of 3rd period - Penalty to Frederic St-Denis is over, Frederic St-Denis is back on ice.
11:54 of 3rd period - Off-side.
11:55 of 3rd period - Nick Spaling wins face-off versus Dana Tyrell in neutral zone.
12:06 of 3rd period - David Laliberté is hit by Kyle Lawson and loses puck.
12:23 of 3rd period - Minor Penalty to Mike Brown for Interference.
12:24 of 3rd period - Joël Perrault wins face-off versus Nate Thompson in Tamiflu zone.
12:52 of 3rd period - Off-side.
12:53 of 3rd period - Nate Thompson wins face-off versus Nick Bonino in neutral zone.
13:20 of 3rd period - Nathan Oystrick is hit by Matt Taormina and loses puck.
14:23 of 3rd period - Penalty to Mike Brown is over, Mike Brown is back on ice.
14:23 of 3rd period - Icing by Greg Mauldin.
14:24 of 3rd period - Joël Perrault wins face-off versus Nate Thompson in Tamiflu zone.
14:57 of 3rd period - Slapshot by Ivan Vishnevski.
14:57 of 3rd period - Shot Blocked by Nick Spaling.
15:00 of 3rd period - Icing by Tyler Haskins.
15:01 of 3rd period - Tyler Haskins wins face-off versus Petteri Wirtanen in Tamiflu zone.
15:01 of 3rd period - Tyler Haskins is hit by Matt Taormina.
15:09 of 3rd period - Wrist shot by Pierre Dagenais.
15:09 of 3rd period - Stopped by Al Montoya without a rebound.
15:10 of 3rd period - Tyler Haskins wins face-off versus Joël Perrault in High Goats zone.
15:11 of 3rd period - Wrist shot by Pierre Dagenais.
15:11 of 3rd period - Shot Misses the Net.
15:13 of 3rd period - Backhand shot by Tyler Haskins.
15:13 of 3rd period - Stopped by Al Montoya with a rebound.
15:15 of 3rd period - Snap shot by Pierre Dagenais.
15:15 of 3rd period - Stopped by Al Montoya with a rebound.
15:24 of 3rd period - Off-side.
15:25 of 3rd period - Nate Thompson wins face-off versus Petteri Wirtanen in neutral zone.
15:37 of 3rd period - Snap shot by Nate Thompson.
15:37 of 3rd period - Stopped by Al Montoya with a rebound.
16:01 of 3rd period - Snap shot by Joël Perrault.
16:01 of 3rd period - Stopped by Jussi Markkanen with a rebound.
16:03 of 3rd period - Slapshot by John Erskine.
16:03 of 3rd period - Stopped by Jussi Markkanen with a rebound.
17:17 of 3rd period - Freddy Meyer is hit by Joël Perrault and loses puck.
17:45 of 3rd period - Snap shot by Pavel Brendl.
17:45 of 3rd period - Shot Blocked by Freddy Meyer.
17:47 of 3rd period - Wrist shot by Pavel Brendl.
17:47 of 3rd period - Stopped by Jussi Markkanen with a rebound.
17:58 of 3rd period - Minor Penalty to John Erskine for Hooking.
17:59 of 3rd period - Pavel Brendl wins face-off versus Nate Thompson in High Goats zone.
17:59 of 3rd period - Pavel Brendl is hit by Alex Picard.
18:16 of 3rd period - Icing by Alex Picard.
18:17 of 3rd period - Pavel Brendl wins face-off versus Nate Thompson in Tamiflu zone.
18:22 of 3rd period - Snap shot by Pavel Brendl.
18:22 of 3rd period - Shot Misses the Net.
18:28 of 3rd period - Slapshot by Mike Brown.
18:28 of 3rd period - Shot Misses the Net.
18:30 of 3rd period - Snap shot by Nathan Oystrick.
18:30 of 3rd period - Shot Blocked by Anton Stralman.
18:32 of 3rd period - Slapshot by Nathan Oystrick.
18:32 of 3rd period - Shot Misses the Net.
18:34 of 3rd period - Slapshot by Nathan Oystrick.
18:34 of 3rd period - Deflect By Mike Brown.
18:34 of 3rd period - Shot Misses the Net.
18:34 of 3rd period - Puck is out of play.
18:35 of 3rd period - Pavel Brendl wins face-off versus Greg Mauldin in High Goats zone.
18:50 of 3rd period - Slapshot by Jonathan Sigalet.
18:50 of 3rd period - Stopped by Al Montoya with a rebound.
19:58 of 3rd period - Penalty to John Erskine is over, John Erskine is back on ice.

Overtime #1


0:01 of 1st overtime period - Pavel Brendl wins face-off versus Nate Thompson in neutral zone.
0:04 of 1st overtime period - Slapshot by Anton Stralman.
0:04 of 1st overtime period - Deflect By Craig Weller.
0:04 of 1st overtime period - Goal by Craig Weller - Tamiflu : 4 - High Goats : 5.


Output by the SimonT Hockey Simulator (STHS) for François Prévost -- Original Page W3C XHTML 1.0 Valid
Hockey Simulator - Hockey Simulation - Hockey Manager